[ PARTIDA AOE2 · #506236754 ]
UnrankedPersas vs Spanish
Equipo del jugador · VICT
Equipo rival · DERR
[ ANÁLISIS DE REPETICIÓN · EXTRAÍDO DE LA PARTIDA GRABADA ]
Feudal
10:31
Castillos
22:23
Imperial
40:34
| APM promedio | 65.5 |
| APM pico | 115 |
| eAPM promedio | 21.3 |
| Aldeanos / militares | 146 / 96 |
Foco
⚔️ 26.6% · 🌾 73.4%
Knight ×36 · Cavalry Archer ×36 · Scout Cavalry ×5 · Camel Scout ×4 · Trebuchet (Packed) ×4 · Monk ×3
Feudal
9:03
Castillos
24:52
Imperial
39:17
| APM promedio | 59.5 |
| APM pico | 137 |
| eAPM promedio | 41.3 |
| Aldeanos / militares | 211 / 133 |
Foco
⚔️ 42.1% · 🌾 57.9%
Spearman ×70 · Scout Cavalry ×32 · Scorpion ×22 · Trebuchet (Packed) ×9
Mapa de la partida
Recursos iniciales + cada clic de construcción. Líneas = muros · curvas = relieve. ◆ oro · ⬟ piedra · ● bayas · ✦ reliquia · ◌ hueco del cierre
Tu base· ✓ Cerrada en 22:23 · 41t muro · 2 puerta(s)
Base de Lord Reed 5th· Abierta — hueco de 4t
Terreno inicial suavizado · ◌ = hueco del cierre detectado · pasá el cursor para detalles
Inputs por minuto
— pablo.isaza - - Lord Reed 5th
Build order — pablo.isaza
Primeras 150 de 481 acciones detectadas
| 0:01 | Encolar | Villager (Male) |
| 0:01 | Encolar | Villager (Male) |
| 0:02 | Construir | House |
| 0:03 | Construir | House |
| 0:28 | Encolar | Villager (Male) |
| 0:44 | Encolar | Villager (Male) |
| 0:49 | Encolar | Villager (Male) |
| 1:19 | Construir | Lumber Camp |
| 1:27 | Encolar | Villager (Male) |
| 1:27 | Encolar | Villager (Male) |
| 1:58 | Encolar | Villager (Male) |
| 1:58 | Encolar | Villager (Male) |
| 1:58 | Encolar | Villager (Male) |
| 2:23 | Encolar | Villager (Male) |
| 2:23 | Encolar | Villager (Male) |
| 2:24 | Encolar | Villager (Male) |
| 2:52 | Encolar | Villager (Male) |
| 3:08 | Encolar | Villager (Male) |
| 3:09 | Encolar | Villager (Male) |
| 3:38 | Construir | House |
| 3:44 | Construir | Barracks |
| 4:02 | Encolar | Villager (Male) |
| 4:03 | Encolar | Villager (Male) |
| 5:06 | Encolar | Villager (Male) |
| 5:09 | Encolar | Militia |
| 5:10 | Encolar | Militia |
| 5:10 | Encolar | Militia |
| 5:12 | Construir | House |
| 5:41 | Encolar | Villager (Male) |
| 5:41 | Encolar | Villager (Male) |
| 5:41 | Encolar | Villager (Male) |
| 5:46 | Construir | Mill |
| 6:23 | Investigar | Loom |
| 6:33 | Construir | Palisade Wall |
| 6:55 | Construir | Palisade Wall |
| 6:57 | Construir | Palisade Wall |
| 6:59 | Construir | Palisade Wall |
| 7:43 | Construir | Palisade Wall |
| 8:19 | Construir | House |
| 8:28 | Investigar | Feudal Age |
| 8:28 | Investigar | Feudal Age |
| 9:10 | Construir | Palisade Wall |
| 9:41 | Encolar | Villager (Male) |
| 9:54 | Construir | Palisade Wall |
| 10:31 | Edad | Edad Feudal |
| 10:35 | Construir | Mill |
| 10:39 | Construir | Stable |
| 10:44 | Investigar | Man-at-Arms (upgrade) |
| 10:44 | Encolar | Villager (Male) |
| 11:07 | Construir | Palisade Wall |
| 11:21 | Encolar | Villager (Male) |
| 11:24 | Construir | Palisade Gate |
| 11:33 | Encolar | Scout Cavalry |
| 11:34 | Encolar | Scout Cavalry |
| 11:42 | Encolar | Villager (Male) |
| 12:11 | Encolar | Scout Cavalry |
| 12:20 | Encolar | Villager (Male) |
| 12:21 | Encolar | Villager (Male) |
| 12:27 | Construir | House |
| 12:45 | Construir | Palisade Wall |
| 12:47 | Construir | Farm |
| 13:00 | Encolar | Villager (Male) |
| 13:02 | Construir | Farm |
| 13:03 | Construir | Farm |
| 13:05 | Construir | Farm |
| 13:07 | Construir | Farm |
| 13:07 | Encolar | Villager (Male) |
| 13:11 | Construir | House |
| 13:15 | Encolar | Scout Cavalry |
| 13:16 | Encolar | Villager (Male) |
| 13:34 | Construir | Farm |
| 13:57 | Encolar | Scout Cavalry |
| 14:03 | Construir | Farm |
| 14:14 | Construir | House |
| 14:19 | Encolar | Villager (Male) |
| 14:25 | Construir | Farm |
| 14:52 | Encolar | Villager (Male) |
| 14:54 | Encolar | Villager (Male) |
| 15:01 | Encolar | Villager (Male) |
| 15:01 | Encolar | Villager (Male) |
| 15:04 | Encolar | Villager (Male) |
| 15:25 | Construir | House |
| 15:30 | Construir | Farm |
| 15:47 | Construir | Farm |
| 15:50 | Construir | Farm |
| 15:55 | Encolar | Villager (Male) |
| 16:00 | Encolar | Villager (Male) |
| 16:06 | Construir | Farm |
| 16:09 | Construir | Palisade Gate |
| 16:41 | Encolar | Villager (Male) |
| 16:50 | Encolar | Villager (Male) |
| 16:54 | Construir | Mining Camp |
| 17:01 | Encolar | Villager (Male) |
| 17:09 | Construir | House |
| 17:12 | Construir | Palisade Wall |
| 17:15 | Encolar | Villager (Male) |
| 17:50 | Encolar | Villager (Male) |
| 17:56 | Construir | Market |
| 17:59 | Encolar | Villager (Male) |
| 18:29 | Encolar | Villager (Male) |
| 18:45 | Construir | Mining Camp |
| 18:48 | Encolar | Villager (Male) |
| 18:51 | Construir | Farm |
| 18:51 | Construir | Farm |
| 18:51 | Construir | Farm |
| 18:52 | Construir | Farm |
| 18:52 | Construir | Farm |
| 19:58 | Investigar | Castle Age |
| 19:58 | Investigar | Castle Age |
| 20:07 | Construir | Lumber Camp |
| 20:48 | Investigar | Horse Collar |
| 20:51 | Investigar | Double-Bit Axe |
| 21:22 | Construir | Stable |
| 21:42 | Construir | Blacksmith |
| 22:01 | Construir | Archery Range |
| 22:18 | Construir | Archery Range |
| 22:23 | Edad | Edad de los Castillos |
| 22:28 | Investigar | Fletching |
| 22:29 | Encolar | Villager (Male) |
| 22:42 | Encolar | Villager (Male) |
| 23:00 | Investigar | Thumb Ring |
| 23:04 | Encolar | Villager (Male) |
| 23:10 | Construir | Town Center |
| 23:16 | Encolar | Villager (Male) |
| 23:16 | Encolar | Skirmisher |
| 23:23 | Encolar | Villager (Male) |
| 24:04 | Encolar | Villager (Male) |
| 24:25 | Encolar | Villager (Male) |
| 24:45 | Encolar | Villager (Male) |
| 24:50 | Encolar | Villager (Male) |
| 25:15 | Construir | Castle |
| 25:21 | Construir | Lumber Camp |
| 25:23 | Encolar | Villager (Male) |
| 25:27 | Encolar | Villager (Male) |
| 25:32 | Investigar | Bodkin Arrow |
| 25:40 | Construir | House |
| 25:41 | Construir | House |
| 26:06 | Construir | Monastery |
| 26:14 | Investigar | Padded Archer Armor |
| 26:17 | Encolar | Villager (Male) |
| 26:40 | Construir | House |
| 26:52 | Construir | Palisade Wall |
| 26:55 | Encolar | Monk |
| 26:55 | Encolar | Monk |
| 27:06 | Encolar | Villager (Male) |
| 27:09 | Encolar | Villager (Male) |
| 27:15 | Investigar | Gold Mining |
| 27:15 | Investigar | Stone Mining |
| 27:31 | Encolar | Villager (Male) |
| 27:43 | Encolar | Villager (Male) |
Build order — Lord Reed 5th
Primeras 150 de 608 acciones detectadas
| 0:01 | Encolar | Villager (Male) |
| 0:02 | Encolar | Villager (Male) |
| 0:02 | Encolar | Villager (Male) |
| 0:02 | Encolar | Villager (Male) |
| 0:02 | Encolar | Villager (Male) |
| 0:03 | Construir | House |
| 0:05 | Construir | House |
| 1:28 | Encolar | Villager (Male) |
| 1:29 | Encolar | Villager (Male) |
| 1:46 | Construir | Lumber Camp |
| 2:09 | Encolar | Villager (Male) |
| 2:10 | Encolar | Villager (Male) |
| 2:15 | Encolar | Villager (Male) |
| 2:16 | Encolar | Villager (Male) |
| 2:59 | Encolar | Villager (Male) |
| 2:59 | Encolar | Villager (Male) |
| 3:17 | Encolar | Villager (Male) |
| 3:27 | Construir | House |
| 3:34 | Encolar | Villager (Male) |
| 4:14 | Encolar | Villager (Male) |
| 4:15 | Encolar | Villager (Male) |
| 4:20 | Construir | Mill |
| 4:48 | Encolar | Villager (Male) |
| 4:48 | Encolar | Villager (Male) |
| 5:20 | Encolar | Villager (Male) |
| 5:24 | Investigar | Loom |
| 5:35 | Encolar | Villager (Male) |
| 6:03 | Encolar | Villager (Male) |
| 6:03 | Encolar | Villager (Male) |
| 6:53 | Investigar | Feudal Age |
| 7:40 | Construir | Barracks |
| 7:45 | Construir | House |
| 8:13 | Encolar | Villager (Male) |
| 8:13 | Encolar | Villager (Male) |
| 8:31 | Construir | Palisade Wall |
| 9:03 | Edad | Edad Feudal |
| 9:16 | Construir | Stable |
| 9:37 | Encolar | Villager (Male) |
| 9:55 | Encolar | Scout Cavalry |
| 9:55 | Encolar | Scout Cavalry |
| 10:18 | Encolar | Villager (Male) |
| 10:21 | Construir | Farm |
| 10:22 | Construir | Farm |
| 10:39 | Encolar | Scout Cavalry |
| 10:39 | Encolar | Scout Cavalry |
| 10:54 | Encolar | Villager (Male) |
| 10:54 | Encolar | Villager (Male) |
| 11:00 | Construir | House |
| 11:26 | Encolar | Villager (Male) |
| 12:22 | Encolar | Scout Cavalry |
| 12:22 | Encolar | Scout Cavalry |
| 12:32 | Construir | Lumber Camp |
| 12:34 | Encolar | Villager (Male) |
| 12:34 | Encolar | Villager (Male) |
| 12:46 | Encolar | Villager (Male) |
| 12:46 | Encolar | Villager (Male) |
| 12:50 | Construir | Farm |
| 12:51 | Construir | Farm |
| 12:52 | Construir | Farm |
| 13:05 | Construir | Farm |
| 14:03 | Encolar | Villager (Male) |
| 14:04 | Encolar | Villager (Male) |
| 14:07 | Construir | House |
| 14:08 | Construir | House |
| 14:14 | Construir | Farm |
| 14:14 | Construir | Farm |
| 14:21 | Construir | Palisade Wall |
| 14:24 | Construir | Palisade Wall |
| 14:28 | Construir | Palisade Wall |
| 14:36 | Construir | Palisade Wall |
| 14:56 | Construir | House |
| 14:59 | Construir | House |
| 15:02 | Construir | Palisade Wall |
| 15:05 | Construir | House |
| 15:07 | Construir | Palisade Wall |
| 15:11 | Construir | Palisade Wall |
| 15:16 | Encolar | Villager (Male) |
| 15:57 | Encolar | Spearman |
| 15:58 | Encolar | Spearman |
| 16:27 | Encolar | Villager (Male) |
| 16:39 | Encolar | Spearman |
| 16:39 | Encolar | Spearman |
| 16:51 | Encolar | Villager (Male) |
| 16:59 | Construir | Farm |
| 17:01 | Construir | Farm |
| 17:19 | Encolar | Villager (Male) |
| 17:21 | Construir | Farm |
| 17:31 | Encolar | Spearman |
| 17:51 | Encolar | Villager (Male) |
| 17:52 | Encolar | Villager (Male) |
| 17:54 | Construir | Farm |
| 18:01 | Construir | House |
| 18:02 | Construir | House |
| 18:13 | Construir | Palisade Wall |
| 18:28 | Construir | Palisade Gate |
| 18:34 | Construir | Farm |
| 18:42 | Construir | House |
| 18:59 | Construir | House |
| 19:15 | Encolar | Villager (Male) |
| 19:15 | Encolar | Villager (Male) |
| 19:20 | Construir | Mining Camp |
| 19:23 | Construir | Farm |
| 19:32 | Construir | Farm |
| 19:33 | Construir | Farm |
| 19:48 | Encolar | Villager (Male) |
| 19:59 | Construir | Farm |
| 20:07 | Encolar | Villager (Male) |
| 20:27 | Construir | Market |
| 20:31 | Construir | Palisade Wall |
| 20:40 | Encolar | Villager (Male) |
| 20:57 | Construir | Farm |
| 20:59 | Encolar | Villager (Male) |
| 21:24 | Encolar | Villager (Male) |
| 21:27 | Construir | Blacksmith |
| 21:37 | Construir | Palisade Wall |
| 21:39 | Construir | Palisade Wall |
| 21:42 | Construir | Palisade Wall |
| 22:12 | Investigar | Castle Age |
| 22:19 | Construir | Farm |
| 22:25 | Investigar | Double-Bit Axe |
| 22:30 | Construir | Palisade Wall |
| 22:39 | Encolar | Spearman |
| 22:39 | Encolar | Spearman |
| 22:41 | Encolar | Spearman |
| 22:49 | Construir | Barracks |
| 22:54 | Encolar | Villager (Male) |
| 22:55 | Encolar | Villager (Male) |
| 23:06 | Construir | Farm |
| 23:09 | Construir | Farm |
| 23:09 | Construir | Farm |
| 23:14 | Investigar | Scale Mail Armor |
| 23:17 | Encolar | Spearman |
| 23:20 | Encolar | Spearman |
| 23:27 | Construir | Palisade Wall |
| 23:30 | Construir | Palisade Wall |
| 23:46 | Construir | Farm |
| 23:48 | Construir | Farm |
| 23:49 | Encolar | Spearman |
| 23:49 | Encolar | Spearman |
| 23:53 | Encolar | Spearman |
| 23:54 | Encolar | Spearman |
| 24:07 | Construir | Farm |
| 24:08 | Construir | Farm |
| 24:14 | Construir | Palisade Wall |
| 24:27 | Encolar | Spearman |
| 24:28 | Encolar | Spearman |
| 24:29 | Encolar | Spearman |
| 24:29 | Encolar | Spearman |
| 24:52 | Edad | Edad de los Castillos |
| 24:56 | Investigar | Pikeman (upgrade) |
Cronología de la partida
| 3:44 | pablo.isaza · first_building Barracks |
| 6:33 | pablo.isaza · wall_segment Palisade Wall x4 |
| 6:55 | pablo.isaza · wall_segment Palisade Wall x1 |
| 6:57 | pablo.isaza · wall_segment Palisade Wall x2 |
| 6:59 | pablo.isaza · wall_segment Palisade Wall x1 |
| 7:40 | Lord Reed 5th · first_building Barracks |
| 7:43 | pablo.isaza · wall_segment Palisade Wall x4 |
| 8:31 | Lord Reed 5th · wall_segment Palisade Wall x3 |
| 9:03 | Lord Reed 5th · age_up feudal |
| 9:10 | pablo.isaza · wall_segment Palisade Wall x4 |
| 9:16 | Lord Reed 5th · first_building Stable |
| 9:54 | pablo.isaza · wall_segment Palisade Wall x4 |
| 10:31 | pablo.isaza · age_up feudal |
| 10:39 | pablo.isaza · first_building Stable |
| 11:07 | pablo.isaza · wall_segment Palisade Wall x10 |
| 12:45 | pablo.isaza · wall_segment Palisade Wall x8 |
| 14:21 | Lord Reed 5th · wall_segment Palisade Wall x7 |
| 14:24 | Lord Reed 5th · wall_segment Palisade Wall x1 |
| 14:28 | Lord Reed 5th · wall_segment Palisade Wall x2 |
| 14:36 | Lord Reed 5th · wall_segment Palisade Wall x11 |
| 15:02 | Lord Reed 5th · wall_segment Palisade Wall x1 |
| 15:07 | Lord Reed 5th · wall_segment Palisade Wall x1 |
| 15:11 | Lord Reed 5th · wall_segment Palisade Wall x1 |
| 17:12 | pablo.isaza · wall_segment Palisade Wall x4 |
| 18:13 | Lord Reed 5th · wall_segment Palisade Wall x5 |
| 20:31 | Lord Reed 5th · wall_segment Palisade Wall x1 |
| 21:15 | Lord Reed 5th · first_market_sell 100 stone |
| 21:37 | Lord Reed 5th · wall_segment Palisade Wall x1 |
| 21:39 | Lord Reed 5th · wall_segment Palisade Wall x1 |
| 21:42 | Lord Reed 5th · wall_segment Palisade Wall x1 |
| 22:01 | pablo.isaza · first_building Archery Range |
| 22:23 | pablo.isaza · age_up castle |
| 22:30 | Lord Reed 5th · wall_segment Palisade Wall x1 |
| 23:27 | Lord Reed 5th · wall_segment Palisade Wall x1 |
| 23:30 | Lord Reed 5th · wall_segment Palisade Wall x1 |
| 24:04 | Lord Reed 5th · first_market_buy 100 food |
| 24:14 | Lord Reed 5th · wall_segment Palisade Wall x6 |
| 24:52 | Lord Reed 5th · age_up castle |
| 25:07 | pablo.isaza · first_market_buy 100 stone |
| 25:15 | pablo.isaza · first_building Castle |
| 26:06 | pablo.isaza · first_building Monastery |
| 26:09 | Lord Reed 5th · wall_segment Palisade Wall x1 |
| 26:52 | pablo.isaza · wall_segment Palisade Wall x1 |
| 31:18 | Lord Reed 5th · wall_segment Palisade Wall x1 |
| 31:18 | Lord Reed 5th · wall_segment Palisade Wall x1 |
| 32:27 | Lord Reed 5th · wall_segment Palisade Wall x1 |
| 34:45 | Lord Reed 5th · first_building Castle |
| 37:18 | Lord Reed 5th · first_building Siege Workshop |
| 39:17 | Lord Reed 5th · age_up imperial |
| 39:47 | Lord Reed 5th · wall_segment Palisade Wall x1 |
| 40:34 | pablo.isaza · age_up imperial |
| 41:16 | Lord Reed 5th · wall_segment Stone Wall x2 |
| 41:20 | Lord Reed 5th · wall_segment Stone Wall x3 |
| 48:31 | Lord Reed 5th · wall_segment Stone Wall x3 |
| 49:46 | pablo.isaza · first_building Siege Workshop |
| 53:03 | Lord Reed 5th · resign |
[ ANÁLISIS IA · 1 CRÉDITO ]
¿Qué pasó realmente en esta partida?
Wolo.gg analiza cada decisión: build order, eco, micro, errores típicos por bracket. Análisis personalizado por WhatsApp o Discord en 30 segundos.
Guía civ
Persas
Perfil
pablo.isaza